 Dungeon Crawl Stone Soup version 0.31-a0-240-gb923e448b6 (webtiles) character file.

Game seed: 3010211724409067485

6087 qw the Skirmisher (level 10, -4/64 HPs)
             Began as a Gargoyle Hexslinger on July 11, 2023.
             Was a Believer of Okawaru.
             Slain by a yak (9 damage)
             ... on level 1 of the Lair of Beasts.
             The game lasted 00:02:29 (6707 turns).

qw the Skirmisher (Gargoyle Hexslinger)             Turns: 6707, Time: 00:02:30

Health: -4/64      AC: 21    Str: 12    XL:     10   Next: 88%
Magic:  20/22      EV: 14    Int: 14    God:    Okawaru [**....]
Gold:   365        SH:  0    Dex: 16    Spells: 10/11 levels left

rFire   . . .        Y - +2 longbow (flame)
rCold   . . .        (shield currently unavailable)
rNeg    + . .        j - +5 ring mail "Tutom" {+Inv rC- MP+9}
rPois   inf          (helmet restricted)
rElec   +            (no cloak)
rCorr   .            d - +1 pair of gloves {infuse}
SInv    .            (no boots)
Will    .....        g - amulet of the acrobat
Stlth   ++           h - ring of protection from cold
HPRegen 0.30/turn    (no ring)
MPRegen 0.18/turn

%: acrobat, infuse magic (1 MP)
@: about to teleport, heroic, flying
A: sickness immunity, AC +7, negative energy resistance 1, electricity
resistance, torment resistance 1, petrification resistance, big wings, horns 1
a: Renounce Religion, Evoke Invisibility, Heroism


You were on level 1 of the Lair of Beasts.
You worshipped Okawaru.
Okawaru was pleased with you.
You visited 3 branches of the dungeon, and saw 10 of its levels.

You collected 404 gold pieces.
You spent 39 gold pieces at shops.


Innate Abilities, Weirdness & Mutations

You are immune to sickness and miasma.
Your stone body is resilient. (AC +7)
You are immune to poison.
You resist negative energy. (rN+)
You are resistant to electric shocks. (rElec)
You are resistant to unholy torment.
You are immune to petrification.
Your large and strong wings let you fly.
You have a pair of small horns on your head.


   Skills:
 + Level 8.2(13.2) Fighting
 - Level 13.0(18.0) Ranged Weapons
 - Level 3.0(8.0) Armour
 - Level 3.0(8.0) Dodging
 - Level 1.0 Spellcasting
 - Level 2.6 Hexes
 - Level 4.0 Invocations


You had 10 spell levels left.
You knew the following spells:

 Your Spells              Type           Power      Damage    Failure   Level
a - Slow                  Hex            32%        N/A       17%         1

Your spell library contained the following spells:

 Spells                   Type           Power      Damage    Failure   Level
 Inner Flame              Hex/Fire       4%         N/A       65%         3
 Portal Projectile        Hex/Tloc       8%         N/A       65%         3
 Cause Fear               Hex            4%         N/A       86%         4

Inventory:

Hand Weapons
 Y - a +2 longbow of flaming (weapon)
Armour
 d - a +1 pair of gloves of infusion (worn)
 j - the +5 ring mail "Tutom" (worn) {+Inv rC- MP+9}
   (You found it on level 3 of the Dungeon)

   rC:        It makes you vulnerable to cold.
   MP:        It affects your magic capacity (+9).
   +Inv:      It lets you turn invisible.
Jewellery
 g - an amulet of the acrobat (around neck)
 h - a ring of protection from cold (left hand)
Scrolls
 k - 4 scrolls of teleportation
 m - a scroll of identify
Potions
 b - a potion of mutation
 c - a potion of attraction {unknown}
 e - a potion of heal wounds {unknown}
 f - 2 potions of curing
 i - a potion of might {unknown}

Dungeon Overview and Level Annotations

Branches:
Dungeon (8/15)             Temple (1/1) D:6            Lair (1/5) D:8

Altars:
Ashenzari
Cheibriados
Dithmenos
Elyvilon
Gozag
Hepliaklqana
Kikubaaqudgha
Makhleb
Nemelex Xobeh
Okawaru
Qazlal
Ru
Sif Muna
Trog
Uskayaw
Vehumet
Wu Jian
Xom
Yredelemnul
Zin
The Shining One

Shops:
D:1 *


Message History

The yak gores you!
You shoot an arrow.
The arrow hits the yak but does no damage.
The yak is severely wounded.
The yak completely misses you. The yak gores you but does no damage.
The yak misses you.
You shoot an arrow. The arrow closely misses the yak.
The arrow hits the yak.
The arrow burns the yak.
The yak is almost dead.
The yak closely misses you. x2
You shoot an arrow. The arrow hits the yak!
The arrow burns the yak.
You kill the yak!
Okawaru accepts your kill. The yak barely misses you. The yak gores you!
The yak completely misses you.
Your Ranged Weapons skill increases to level 13!
You shoot an arrow. The arrow hits the yak!
The arrow burns the yak.
The yak is moderately wounded.
The yak gores you but does no damage. x2; The yak misses you.
You shoot an arrow. The arrow hits the yak.
The arrow burns the yak.
The yak is almost dead.
The yak misses you. The yak gores you! The yak barely misses you. x2
The yak gores you! The yak gores you but does no damage.
6704 ||| INVOKING Heroism.
You gain the combat prowess of a mighty hero.
The yak gores you but does no damage. The yak completely misses you.
The yak barely misses you. The yak gores you. The yak misses you.
The yak gores you!
You shoot an arrow. The arrow hits the yak!!
The arrow burns the yak.
You kill the yak!
Okawaru accepts your kill. The yak gores you.
The yak gores you but does no damage. x2
The yak closely misses you. The yak barely misses you.
6706 ||| READING 5 scrolls of teleportation.
As you read the scroll of teleportation, it crumbles to dust.
You feel strangely unstable. The yak gores you! The yak gores you.
The yak barely misses you.
The yak gores you but does no damage. x2
You shoot an arrow. The arrow completely misses the yak.
The yak misses you. The yak gores you!
You die...

.... .. ... .# ... .. ..
. #.#. ..## . #Y%# .
##.####@Y## #### .#
......YYY.#####.P####.##
..........#.#...........
..........#..>..........
......:...#.#...........
.[..........#...........
..........#.#...........
..........#.###.#####.##
............##..###


You could see 5 yaks.

Vanquished Creatures
  Nergalle (Lair:1)
  Pikel (D:4)
  3 cane toads (Lair:1)
  A kobold demonologist (D:7)
  A komodo dragon (Lair:1)
  A troll (D:8)
  5 yaks (Lair:1)
  A basilisk (Lair:1)
  Eustachio (D:4)
  Edmund (D:4)
  Duvessa (D:4)
  2 water moccasins
  An orc warrior (D:6)
  A sky beast (D:7)
  A black bear (D:4)
  5 ogres
  A centaur (D:4)
  2 phantoms
  A kobold brigand (D:6)
  A bullfrog (D:8)
  3 scorpions
  Dowan (D:4)
  6 killer bees (D:8)
  A jelly (D:6)
  A sleepcap (D:4)
  3 orc priests
  Ijyb (D:4)
  2 iguanas
  2 orc wizards
  A gnoll (D:4)
  11 adders
  A shadow imp (D:5)
  3 white imps
  An ufetubus (D:5)
  A worm (D:5)
  6 dart slugs
  18 orcs
  8 endoplasms
  6 giant cockroaches
  8 hobgoblins
  3 jackals (D:1)
  11 kobolds
  2 quokkas
  7 ball pythons
  5 bats
  6 frilled lizards
  7 goblins
  5 rats
162 creatures vanquished.

Notes
Turn   | Place    | Note
-------+----------+-------------------------------------------
     0 | D:1      | qw the Gargoyle Hexslinger began the quest for the Orb.
     0 | D:1      | Reached XP level 1. HP: 12/12 MP: 2/2
     0 | D:1      | 0 ||| qw: Version: 0.3-a-52-g30416fa
     0 | D:1      | 0 ||| qw: Game counter: 5982
     0 | D:1      | 0 ||| qw: Melee chars always use a shield: true
     0 | D:1      | 0 ||| qw: God list: Okawaru
     0 | D:1      | 0 ||| qw: Allow faded altars: false
     0 | D:1      | 0 ||| qw: Do Orc after clearing Dungeon:15 true
     0 | D:1      | 0 ||| qw: Do second Lair branch before Depths: true
     0 | D:1      | 0 ||| qw: Lair rune preference: random
     0 | D:1      | 0 ||| qw: Goals: Normal
     0 | D:1      | 0 ||| PLANNING D:1-11
    71 | D:1      | Reached XP level 2. HP: 16/16 MP: 3/3
   217 | D:1      | Reached skill level 3 in Ranged Weapons
   472 | D:1      | Found Duer's General Store.
   478 | D:1      | 478 ||| SHOPLISTING +0 ring mail (52 gold, have 48).
   478 | D:1      | 478 ||| SHOPLISTING +1 hat (143 gold, have 48).
   478 | D:1      | 478 ||| BUYING potion of curing (39 gold).
   478 | D:1      | Bought a potion of curing for 39 gold pieces
   478 | D:1      | 478 ||| SHOPLISTING scroll of identify (26 gold, have 9).
   509 | D:1      | Reached XP level 3. HP: 21/21 MP: 4/4
   816 | D:1      | 816 ||| UPGRADING to +1 pair of gloves of infusion.
   821 | D:1      | 821 ||| UPGRADING to +0 leather armour.
   831 | D:1      | 831 ||| DROPPING +0 robe.
   832 | D:1      | 832 ||| READING scroll labelled SUBEAPNUOM.
   833 | D:1      | 833 ||| READING 2 scrolls labelled MYAFOWAARO.
   834 | D:1      | 834 ||| DROPPING scroll of poison.
   835 | D:1      | 835 ||| DROPPING scroll of fog.
  1141 | D:2      | Identified the +8 mace "Puasaeck" {heavy, rElec rF+++
                  | Dex-2}
  1288 | D:2      | Reached XP level 4. HP: 26/26 MP: 5/5
  1565 | D:2      | 1565 ||| READING scroll labelled ETHRAKLUQOO.
  1600 | D:3      | Reached skill level 4 in Ranged Weapons
  1884 | D:3      | Identified the +5 ring mail "Tutom" {+Inv rC- MP+9}
  1969 | D:3      | Reached XP level 5. HP: 17/30 MP: 6/6
  2091 | D:3      | 2091 ||| UPGRADING to +0 helmet.
  2096 | D:3      | 2096 ||| UPGRADING to +5 ring mail "Tutom" {+Inv rC- MP+9}.
  2106 | D:3      | 2106 ||| DROPPING +0 leather armour.
  2171 | D:3      | 2171 ||| READING scroll labelled FEELAPRUQED.
  2172 | D:3      | 2172 ||| READING scroll labelled UMOATH UGEIL.
  2172 | D:3      | Identified a scroll of acquirement
  2172 | D:3      | 2172 ||| ACQUIRING +2 longbow of draining
  2172 | D:3      | Acquired a +2 longbow of draining
  2174 | D:3      | 2174 ||| SWAPPING to +2 longbow of draining.
  2175 | D:3      | 2175 ||| DROPPING +1 sling.
  2176 | D:3      | 2176 ||| READING scroll labelled DIUSASAHOA.
  2284 | D:4      | Reached skill level 1 in Armour
  2316 | D:4      | Reached skill level 5 in Ranged Weapons
  2353 | D:4      | Noticed Eustachio
  2354 | D:4      | 2354 ||| Stepping ~*~*~tactically~*~*~ (water).
  2358 | D:4      | Killed Eustachio
  2359 | D:4      | Reached XP level 6. HP: 39/39 MP: 7/7
  2469 | D:4      | Noticed Pikel
  2473 | D:4      | Noticed a black bear
  2476 | D:4      | Killed Pikel
  2477 | D:4      | Reached skill level 7 in Ranged Weapons
  2477 | D:4      | Reached XP level 7. HP: 44/44 MP: 8/8
  2481 | D:4      | Reached XP level 8. HP: 48/48 MP: 9/9
  2619 | D:4      | Reached skill level 8 in Ranged Weapons
  2640 | D:4      | Noticed Ijyb
  2646 | D:4      | Killed Ijyb
  2783 | D:4      | Noticed Edmund
  2790 | D:4      | Killed Edmund
  2839 | D:4      | Noticed Duvessa
  2839 | D:4      | Noticed Dowan
  2844 | D:4      | Killed Duvessa
  2852 | D:4      | Killed Dowan
  2853 | D:4      | Reached skill level 9 in Ranged Weapons
  3043 | D:4      | 3043 ||| DROPPING scarf of shadows.
  3044 | D:4      | 3044 ||| READING scroll labelled DOROOQ QEDDAPT.
  3045 | D:4      | 3045 ||| READING 2 scrolls labelled UHED MUOFIG LEUTWA.
  3046 | D:4      | 3046 ||| READING scroll labelled XATELI IMILOG.
  3047 | D:4      | 3047 ||| DROPPING scroll of noise.
  3074 | D:5      | Entered Level 5 of the Dungeon
  3079 | D:5      | 3079 ||| STAIRDANCE
  3511 | D:5      | Reached skill level 6 in Fighting
  3511 | D:5      | Reached XP level 9. HP: 51/55 MP: 10/10
  3895 | D:5      | Identified the +6 trident of Circular Logic {protect, rC+
                  | Int+5}
  4003 | D:5      | 4003 ||| UPGRADING to ring of protection from cold.
  4004 | D:5      | 4004 ||| READING scroll labelled QUZIKL IZAFYA.
  4005 | D:5      | 4005 ||| READING scroll labelled LINIGERCHOU.
  4006 | D:5      | 4006 ||| DRINKING 2 glowing blue potions.
  4006 | D:5      | Gained mutation: You have a pair of small horns on your
                  | head. [potion of mutation]
  4006 | D:5      | Gained mutation: Your large and strong wings let you fly.
                  | [potion of mutation]
  4007 | D:5      | 4007 ||| DROPPING +0 helmet.
  4062 | D:6      | Reached skill level 10 in Ranged Weapons
  4282 | D:6      | Found a staircase to the Ecumenical Temple.
  4283 | D:6      | 4283 ||| PLANNING TEMPLE
  4283 | D:6      | 4283 ||| READING scroll labelled CUCWIE MOVUAB.
  4289 | Temple   | Entered the Ecumenical Temple
  4442 | Temple   | 4442 ||| PLANNING D:1-11
  4621 | D:6      | Found a hide-covered altar of Uskayaw.
  4621 | D:6      | Found an iron altar of Okawaru.
  4622 | D:6      | 4622 ||| PLANNING OKAWARU WORSHIP
  4629 | D:6      | Became a worshipper of Warmaster Okawaru
  4630 | D:6      | 4630 ||| PLANNING D:1-11
  4957 | D:7      | Found a glowing golden altar of the Shining One.
  4964 | D:7      | Found a bloodstained altar of Trog.
  4986 | D:7      | Noticed a kobold demonologist
  4987 | D:7      | 4987 ||| FLEEEEING.
  4988 | D:7      | 4988 ||| STAIRDANCE
  5030 | D:7      | Noticed a sixfirhy
  5031 | D:7      | Noticed an ice devil
  5032 | D:7      | 5032 ||| STAIRDANCE
  5092 | D:7      | Noticed a sixfirhy
  5093 | D:7      | Killed a kobold demonologist
  5093 | D:7      | Reached * piety under Okawaru
  5094 | D:7      | Reached skill level 11 in Ranged Weapons
  5122 | D:7      | Reached skill level 3 in Armour
  5122 | D:7      | Reached skill level 1 in Invocations
  5150 | D:7      | Identified the +4 mace of Spores {heavy, Str+3 Int+3}
  5321 | D:7      | Found a shimmering altar of Xom.
  5593 | D:8      | 5593 ||| INVOKING Heroism.
  5605 | D:8      | Reached skill level 3 in Dodging
  5606 | D:8      | 5606 ||| INVOKING Heroism.
  5819 | D:8      | Found a hazy altar of Hepliaklqana.
  5993 | D:8      | Noticed a troll
  5994 | D:8      | 5994 ||| INVOKING Heroism.
  5999 | D:8      | Killed a troll
  6000 | D:8      | Reached skill level 3 in Invocations
  6000 | D:8      | Reached XP level 10. HP: 64/64 MP: 12/12
  6140 | D:8      | Found a staircase to the Lair.
  6273 | D:8      | 6273 ||| PLANNING LAIR
  6273 | D:8      | 6273 ||| DROPPING amulet of guardian spirit.
  6274 | D:8      | 6274 ||| UPGRADING to amulet of the acrobat.
  6327 | Lair:1   | Entered Level 1 of the Lair of Beasts
  6332 | Lair:1   | Noticed Nergalle
  6332 | Lair:1   | Noticed a cane toad
  6333 | Lair:1   | 6333 ||| INVOKING Heroism.
  6335 | Lair:1   | Killed a cane toad
  6351 | Lair:1   | Killed Nergalle
  6351 | Lair:1   | Reached ** piety under Okawaru
  6357 | Lair:1   | 6357 ||| INVOKING Heroism.
  6368 | Lair:1   | Reached skill level 12 in Ranged Weapons
  6563 | Lair:1   | Noticed a cane toad
  6564 | Lair:1   | 6564 ||| INVOKING Heroism.
  6570 | Lair:1   | Killed a cane toad
  6622 | Lair:1   | Noticed a cane toad
  6623 | Lair:1   | 6623 ||| INVOKING Heroism.
  6629 | Lair:1   | Killed a cane toad
  6702 | Lair:1   | Reached skill level 13 in Ranged Weapons
  6704 | Lair:1   | 6704 ||| INVOKING Heroism.
  6705 | Lair:1   | HP: 16/64 [yak (2)]
  6706 | Lair:1   | 6706 ||| READING 5 scrolls of teleportation.
  6706 | Lair:1   | HP: 5/64 [yak (3)]
  6707 | Lair:1   | Slain by a yak

Levels and vault maps discovered:
D:1:      dpeg_arrival_court, layout_basic, serial_shops, shop_fountains
D:2:      layout_basic
D:3:      layout_rooms
D:4:      dreamdust_elfheim, layout_basic, serial_bayou, serial_bayou_pond_d,
          serial_bayou_pond_b, serial_bayou_shore_a, serial_bayou_lake_a,
          uniq_pikel, uniq_eustachio, uniq_edmund, uniq_ijyb
D:5:      layout_loops_corners
D:6:      layout_basic, mainiacjoe_overflow_divided_tiny,
          minmay_temple_entry_wispy
D:7:      layout_cave_pools, overflow_temple_1_default, tso_metal_star,
          nicolae_overflow_crystal_walls, dk_noncrumbling_3
D:8:      layout_gridville, mainiacjoe_overflow_cross_hatched, lair_entry_dummy
Temple:   bh_familiar_temple
Lair:1:   layout_roguey, uniq_nergalle

Skill      XL: |  1  2  3  4  5  6  7  8  9 10 |
---------------+-------------------------------+-----
Ranged Weapons | 3 4 5 7 9 11 13 | 13.0
Fighting       | 2 4 6 7 8 |  8.2
Armour         | 1 2 3 |  3.0
Dodging        | 2 3 |  3.0
Invocations    | 3 4 |  4.0
Spellcasting   | |  1.0
Hexes          | |  2.6

Action                     |  1- 3 |  4- 6 |  7- 9 | 10-12 || total
---------------------------+-------+-------+-------+-------++-------
   Fire: Sling             |   108 |    66 |       |       ||   174
         Longbow           |       |    59 |   235 |    77 ||   371
 Invoke: Heroism           |       |       |     3 |     5 ||     8
    Use: Scroll            |     2 |     4 |     6 |     1 ||    13
         Potion            |       |       |     1 |       ||     1
 Armour: Robe              |     8 |       |       |       ||     8
         Leather armour    |     5 |    15 |       |       ||    20
         Ring mail         |       |    16 |   185 |    27 ||   228
  Dodge: Dodged            |    23 |    43 |   216 |    41 ||   323

Table legend:
 A = Non-vault XP
 B = Vault XP
 C = Vault XP percentage of total XP
 D = Non-vault monster count
 E = Vault monster count
 F = Vault count percentage of total count
                 A         B        C        D         E       F
            +---------+---------+-------+---------+---------+-------
      Total |    6657 |    2040 |  23.5 |     151 |      11 |   6.8
            +---------+---------+-------+---------+---------+-------
        D:1 |      42 |       0 |   0.0 |      23 |       0 |   0.0
        D:2 |      42 |       0 |   0.0 |      18 |       0 |   0.0
        D:3 |      87 |       0 |   0.0 |      16 |       0 |   0.0
        D:4 |     709 |    1259 |  64.0 |      29 |      10 |  25.6
        D:5 |     655 |       0 |   0.0 |      14 |       0 |   0.0
        D:6 |     576 |       0 |   0.0 |      20 |       0 |   0.0
        D:7 |     754 |       0 |   0.0 |       7 |       0 |   0.0
        D:8 |     812 |       0 |   0.0 |      13 |       0 |   0.0
     Lair:1 |    2980 |     781 |  20.8 |      11 |       1 |   8.3
            +---------+---------+-------+---------+---------+-------
